 Dungeon Crawl Stone Soup version 0.24-a0-278-gefa1973 (webtiles) character file.

Game seed: 14184123383307793493

235 MatthieuS the Sneak (level 5, 0/46 HPs)
             Began as a Deep Dwarf Enchanter on Apr 29, 2019.
             Slain by a gnoll
             ... wielding a +0 flail
              (11 damage)
             ... on level 2 of the Dungeon.
             The game lasted 00:12:04 (2494 turns).

MatthieuS the Sneak (Deep Dwarf Enchanter)          Turns: 2494, Time: 00:12:04

Health: 0/46       AC:  8    Str: 10 (11) XL:     5   Next: 76%
Magic:  4/7        EV: 10    Int: 16 (17) God:
Gold:   99         SH:  0    Dex: 10 (13) Spells: 1/9 levels left

rFire    . . .     SeeInvis .   a - +1 dagger (holy)
rCold    . . .     Gourm    +   (no shield)
rNeg     . . .     Faith    .   l - +0 ring mail
rPois    .         Spirit   .   c - +2 helmet
rElec    .         Reflect  .   (no cloak)
rCorr    .         Harm     .   (no gloves)
MR       .....     Rnd*Tele +   (no boots)
Stlth    ++........             g - amulet of the gourmand
HPRegen  0.00/turn              (no ring)
MPRegen  0.10/turn              (no ring)

@: non-regenerating
A: damage resistance, heal wounds, sense surroundings 1, teleportitis 1,
MP-powered wands, no regeneration
a: Heal Wounds


You were on level 2 of the Dungeon.
You were very full.

You visited 1 branch of the dungeon, and saw 3 of its levels.

You collected 99 gold pieces.

Inventory:

Hand Weapons
 a - a +1 dagger of holy wrath (weapon)
   (You took it off an orc on level 3 of the Dungeon)
 q - a +0 quarterstaff
   (You found it on level 2 of the Dungeon)
Armour
 b - a +0 robe
 c - a +2 helmet (worn)
   (You found it on level 2 of the Dungeon)
 j - a +0 leather armour
   (You found it on level 3 of the Dungeon)
 l - a +0 ring mail (worn)
   (You took it off an orc on level 3 of the Dungeon)
Jewellery
 g - an amulet of the gourmand (around neck)
   (You found it on level 2 of the Dungeon)
Scrolls
 f - a scroll of immolation {!r}
 k - 3 scrolls of identify {@r1}
 m - a scroll of teleportation {unknown}
Comestibles
 d - 4 chunks of flesh
 e - 7 rations


   Skills:
 - Level 2.6 Fighting
 - Level 2.5 Short Blades
 - Level 1.3 Armour
 - Level 2.1 Dodging
 + Level 4.6 Stealth
 + Level 2.7 Spellcasting
 - Level 2.4 Hexes
 + Level 0.3 Transmutations
 + Level 0.7 Earth Magic


You had one spell level left.
You knew the following spells:

 Your Spells              Type           Power        Failure   Level  Hunger
a - Corona                Hex            #......      19%         1    #......
b - Petrify               Tmut/Erth      #.......     98%         4    #####..
x - Confuse               Hex            #.......     47%         3    ###....

Your spell library contained the following spells:

 Spells                   Type           Power        Failure   Level  Hunger
 Confusing Touch          Hex            #.....       19%         1    #......
 Magic Dart               Conj           #...         43%         1    #......
 Slow                     Hex            #.......     26%         2    ##.....
 Ensorcelled Hibernation  Hex/Ice        #.....       41%         2    ##.....
 Tukima's Dance           Hex            #.......     47%         3    ###....
 Blink                    Tloc           N/A          58%         2    ##.....
 Call Imp                 Summ           #.......     58%         2    ##.....
 Dazzling Spray           Conj/Hex       #.....       65%         3    ###....
 Conjure Flame            Conj/Fire      #.......     82%         3    ###....
 Gell's Gravitas          Tloc           #.........   82%         3    ###....
 Mephitic Cloud           Conj/Pois/Air  #.......     82%         3    ###....
 Metabolic Englaciation   Hex/Ice        #.........   100%        5    ######.
 Yara's Violent Unravell  Hex/Tmut       #.........   100%        5    ######.


Dungeon Overview and Level Annotations

Branches:
Dungeon (3/15)

Altars:
Xom


Innate Abilities, Weirdness & Mutations

You are resistant to damage.
You can heal yourself by infusing magical energy.
You passively map a small area around you.
You do not regenerate.
You are occasionally teleported next to monsters.
You expend magic power (3 MP) to strengthen your wands.


Message History

The gnoll barely misses you. The gnoll hits you with a +0 flail.
The gnoll closely misses you.
There is an open door here.
Aim: a gnoll, wielding a +3 flail of protection (chance to defeat MR: 52%)
The gnoll struggles to resist.
Aim: a gnoll, wielding a +3 flail of protection (chance to defeat MR: 52%)
The gnoll struggles to resist.
Aim: a gnoll, wielding a +3 flail of protection (chance to defeat MR: 52%)
The gnoll struggles to resist.
The gnoll hits you but does no damage.
Aim: a gnoll, wielding a +3 flail of protection (chance to defeat MR: 52%)
The gnoll is outlined in light.
The gnoll hits you but does no damage.
You hit the gnoll but do no damage. The gnoll barely misses you.
You closely miss the gnoll. You hit the gnoll. The gnoll closely misses you.
You hit the gnoll.
The gnoll hits you with a +3 flail of protection.
You hit the gnoll but do no damage.
The gnoll hits you with a +3 flail of protection.
You hit the gnoll but do no damage. You barely miss the gnoll.
The gnoll hits you with a +3 flail of protection.
You closely miss the gnoll.
The gnoll stops glowing.
The gnoll barely misses you.
You closely miss the gnoll. The gnoll closely misses you.
Unknown command.
You hit the gnoll but do no damage. You hit the gnoll but do no damage.
The gnoll hits you with a +3 flail of protection!
* * * LOW HITPOINT WARNING * * *
You hit the gnoll but do no damage. The gnoll misses you.
You hit the gnoll but do no damage. The gnoll barely misses you.
You closely miss the gnoll. You hit the gnoll but do no damage.
The gnoll barely misses you.
Your ring mail prevents you from hitting the gnoll.
The gnoll closely misses you.
You closely miss the gnoll.
Unknown command.
You hit the gnoll but do no damage.
The gnoll hits you with a +3 flail of protection.
* * * LOW HITPOINT WARNING * * *
You hit the gnoll. The gnoll misses you.
You hit the gnoll. You hit the gnoll.
You kill the gnoll!
You closely miss the gnoll. The gnoll completely misses you.
You hit the gnoll. You hit the gnoll. The gnoll hits you with a +0 flail!
* * * LOW HITPOINT WARNING * * *
You hit the gnoll but do no damage. The gnoll hits you with a +0 flail!
You die...

........#...........#
........#...........#
.......†#..)........#
................)...#
......(.........>...#
#########...........#
........#####.##'####
#######..# #.##g# ##
##.# #.##@###### .#
#.## #.......(.# .#
#####..######.####.#
.# #..........##.#
#.# .#
#..........##.# #.#
.###..........##.#
#.#
..##..........##.#
#.#
..##..........##.#
#.#
..##..........##.#
#.#


You could see a gnoll.

Vanquished Creatures
  2 orc priests (D:3)
  An orc wizard (D:3)
  3 adders
  2 gnolls (D:2)
  3 oozes
  2 worms (D:2)
  3 dart slugs
  A leopard gecko (D:3)
  9 orcs (D:3)
  3 bats
  4 giant cockroaches
  6 goblins
  8 hobgoblins
  2 jackals (D:2)
  8 kobolds
  2 quokkas
  A ball python (D:2)
  2 frilled lizards
  5 rats
67 creatures vanquished.

Notes
Turn   | Place    | Note
-------+----------+-------------------------------------------
     0 | D:1      | MatthieuS the Deep Dwarf Enchanter began the quest for the
                  | Orb.
     0 | D:1      | Reached XP level 1. HP: 15/15 MP: 3/3
    51 | D:1      | Reached skill level 1 in Short Blades
   239 | D:1      | Reached XP level 2. HP: 15/24 MP: 1/4
   255 | D:1      | Reached skill level 1 in Fighting
   704 | D:2      | Reached XP level 3. HP: 19/31 MP: 5/5
   743 | D:2      | Found a shimmering altar of Xom.
   862 | D:2      | Learned a level 2 spell: Ensorcelled Hibernation
  1304 | D:2      | Reached XP level 4. HP: 28/39 MP: 1/4
  1705 | D:3      | Reached skill level 1 in Armour
  1705 | D:3      | Reached skill level 4 in Stealth
  1705 | D:3      | Reached XP level 5. HP: 32/46 MP: 6/6
  1726 | D:3      | Learned a level 3 spell: Confuse
  2077 | D:3      | Gained mutation: You are dopey. (Int -2) [potion of
                  | mutation]
  2077 | D:3      | Lost mutation: You are dopey. (Int -2) [potion of mutation]
  2077 | D:3      | Gained mutation: You are occasionally teleported next to
                  | monsters. [potion of mutation]
  2077 | D:3      | Gained mutation: You expend magic power (3 MP) to
                  | strengthen your wands. [potion of mutation]
  2200 | D:3      | Learned a level 4 spell: Petrify
  2494 | D:2      | Slain by a gnoll

Levels and vault maps discovered:
D:1:      lightli_arrival_isolated_outpost, layout_loops_ring
D:2:      layout_basic, lemuel_doored_altar
D:3:      layout_basic, first_ration, uniq_robin

Skill      XL: |  1  2  3  4 |
---------------+-------------+-----
Short Blades   | 1 2 |  2.5
Fighting       | 1 2 |  2.6
Spellcasting   | 2 |  2.7
Armour         | 1 |  1.3
Stealth        | 4 |  4.6
Dodging        | |  2.1
Hexes          | |  2.4
Transmutations | |  0.3
Earth Magic    | |  0.7

Action                   |  1- 3 |  4- 6 || total
-------------------------+-------+-------++-------
Melee: Dagger            |   124 |    79 ||   203
       Quarterstaff      |       |    87 ||    87
 Cast: Corona            |    19 |    15 ||    34
       Ensorcelled Hiber |     1 |       ||     1
 Abil: Heal Wounds       |     2 |     5 ||     7
  Use: Scroll            |       |     3 ||     3
       Potion            |       |     2 ||     2
 Stab: Sleeping          |    10 |     4 ||    14
  Eat: Chunk             |    15 |     7 ||    22
Armor: Robe              |    24 |    18 ||    42
       Skin              |       |     3 ||     3
       Leather armour    |       |    11 ||    11
       Ring mail         |       |    23 ||    23
Dodge: Dodged            |    71 |   110 ||   181

Table legend:
 A = Non-vault XP
 B = Vault XP
 C = Vault XP percentage of total XP
 D = Non-vault monster count
 E = Vault monster count
 F = Vault count percentage of total count
                 A         B        C        D         E       F
            +---------+---------+-------+---------+---------+-------
      Total |     336 |       0 |   0.0 |      67 |       0 |   0.0
            +---------+---------+-------+---------+---------+-------
        D:1 |      37 |       0 |   0.0 |      14 |       0 |   0.0
        D:2 |     117 |       0 |   0.0 |      29 |       0 |   0.0
        D:3 |     182 |       0 |   0.0 |      24 |       0 |   0.0
            +---------+---------+-------+---------+---------+-------
